 Dungeon Crawl Stone Soup version 0.31-a0-182-gc5ef74bbde (webtiles) character file.

Game seed: 12803125222902758704

102 qw the Chopper (level 4, -3/28 HPs)
             Began as a Gargoyle Fighter on June 20, 2023.
             Was an Initiate of Okawaru.
             Slain by Grinder (5 damage)
             ... on level 4 of the Dungeon.
             The game lasted 00:01:12 (2397 turns).

qw the Chopper (Gargoyle Fighter)                   Turns: 2397, Time: 00:01:13

Health: -3/28      AC: 13    Str: 21    XL:     4   Next: 78%
Magic:  3/3        EV:  7    Int:  9    God:    Okawaru [......]
Gold:   134        SH:  4    Dex:  9    Spells: 3/3 levels left

rFire   . . .        Y - +0 war axe
rCold   . . .        c - +0 buckler
rNeg    + . .        k - +0 chain mail
rPois   inf          j - +0 helmet
rElec   +            (no cloak)
rCorr   .            (no gloves)
SInv    .            (no boots)
Will    .....        (no amulet) Stlth
                     (no ring)
HPRegen 0.24/turn    (no ring)
MPRegen 0.08/turn

%: no passive effects
@: no status effects
A: sickness immunity, AC +3, negative energy resistance 1, electricity
resistance, torment resistance 1, petrification resistance, fangs 1, low MP 1
a: Renounce Religion


You were on level 4 of the Dungeon.
You worshipped Okawaru.
Okawaru was noncommittal.
You visited 1 branch of the dungeon, and saw 4 of its levels.

You collected 134 gold pieces.


Innate Abilities, Weirdness & Mutations

You are immune to sickness and miasma.
Your stone body is resilient. (AC +3)
You are immune to poison.
You resist negative energy. (rN+)
You are resistant to electric shocks. (rElec)
You are resistant to unholy torment.
You are immune to petrification.
You have very sharp teeth.
Your magical capacity is low. (-10% MP)


   Skills:
 - Level 3.2 Fighting
 + Level 4.4 Axes
 - Level 3.2 Armour
 - Level 3.2 Shields


You had 3 spell levels left.
You didn't know any spells.
Your spell library was empty.

Inventory:

Hand Weapons
 a - a +2 broad axe of distortion
 h - a +2 whip of electrocution
 Y - a +0 war axe (weapon)
Armour
 c - a +0 buckler (worn)
 j - a +0 helmet (worn)
 k - a +0 chain mail (worn)
Scrolls
 g - a scroll of identify
Potions
 d - a potion of might
 i - a potion of haste

Dungeon Overview and Level Annotations

Branches:
Dungeon (4/15)
 Temple: D:4-7

Altars:
Okawaru

Annotations:
D:4 Grinder


Message History

The phantom is severely damaged.
You barely miss Grinder. Grinder gestures at you.
You suddenly lose the ability to move!
The phantom hits you but does no damage.
Grinder gestures at you. You resist with significant effort.
The phantom hits you but does no damage.
Grinder gestures at you. You resist with significant effort.
The phantom hits you. Grinder gestures at you. Pain shoots through your body!
The phantom hits you but does no damage.
Grinder barely misses you. The phantom hits you.
You can move again.
You completely miss the phantom.
The phantom is heavily damaged.
You barely miss Grinder. Grinder hits you but does no damage.
The phantom hits you. You block Grinder's attack. The phantom hits you.
You miss the phantom.
The phantom is heavily damaged.
You hit Grinder but do no damage.
The phantom hits you but does no damage.
Grinder barely misses you.
You closely miss the phantom. You bite the phantom, but do no damage.
The phantom is heavily damaged.
You closely miss Grinder. Grinder gestures at you.
Pain shoots through your body!
The phantom hits you but does no damage.
You hit the phantom but do no damage. You bite the phantom.
The phantom is heavily damaged.
You closely miss Grinder. Grinder hits you.
You writhe in agony.
The phantom closely misses you.
You hit the phantom but do no damage.
The phantom is heavily damaged.
You closely miss Grinder. Grinder hits you.
You die...

#.>.# #...#
#...# .
#...# .$
#>..####^##
#..........
#..5.......
#..@W.###
#..#.......
#<.....####
#..#####
#..+ #..#
#<.. #....
#..##


You could see Grinder and a phantom.

Vanquished Creatures
  3 gnolls (D:3)
  An adder (D:2)
  5 orcs
  2 ball pythons (D:1)
  7 endoplasms
  6 giant cockroaches
  7 hobgoblins
  2 quokkas
  7 bats
  2 frilled lizards (D:3)
  2 goblins
  5 kobolds
  6 rats
55 creatures vanquished.

Notes
Turn   | Place    | Note
-------+----------+-------------------------------------------
     0 | D:1      | qw the Gargoyle Fighter began the quest for the Orb.
     0 | D:1      | Reached XP level 1. HP: 14/14 MP: 1/1
     0 | D:1      | 0 ||| qw: Version: 0.3-a-9-g12657ce
     0 | D:1      | 0 ||| qw: Game counter: 1451
     0 | D:1      | 0 ||| qw: Always use a shield: true
     0 | D:1      | 0 ||| qw: God list: Okawaru
     0 | D:1      | 0 ||| qw: Allow faded altars: false
     0 | D:1      | 0 ||| qw: Do Orc after D:15 true
     0 | D:1      | 0 ||| qw: Do second Lair branch before Depths: true
     0 | D:1      | 0 ||| qw: Lair rune preference: random
     0 | D:1      | 0 ||| qw: Plans: Normal, Zot:1-4, Slime:5, God:TSO, Crypt,
                  | Tomb, Abyss, Pan, Hells, Win
     0 | D:1      | 0 ||| PLANNING D:1-11
    95 | D:1      | Reached skill level 2 in Axes
   139 | D:1      | 139 ||| Stepping ~*~*~tactically~*~*~ (hiding).
   140 | D:1      | 140 ||| Stepping ~*~*~tactically~*~*~ (hiding).
   141 | D:1      | 141 ||| Stepping ~*~*~tactically~*~*~ (hiding).
   143 | D:1      | 143 ||| Stepping ~*~*~tactically~*~*~ (hiding).
   144 | D:1      | 144 ||| Stepping ~*~*~tactically~*~*~ (hiding).
   447 | D:1      | Reached XP level 2. HP: 19/19 MP: 2/2
   967 | D:1      | 967 ||| DROPPING +0 scale mail of poison resistance.
   968 | D:1      | 968 ||| UPGRADING to +0 helmet.
   973 | D:1      | 973 ||| READING scroll labelled HECE WAIDWAQE.
   974 | D:1      | 974 ||| READING 2 scrolls labelled MUTZI GUDEHOKU.
   975 | D:1      | 975 ||| READING scroll labelled TYPURE GALETWI.
   978 | D:1      | 978 ||| READING scroll labelled KIUKAP GUTWE.
   978 | D:1      | Identified a scroll of acquirement
   978 | D:1      | 978 ||| ACQUIRING +2 broad axe of distortion
   978 | D:1      | Acquired a +2 broad axe of distortion
   980 | D:1      | 980 ||| READING scroll labelled KED DOGISS.
   981 | D:1      | 981 ||| READING scroll labelled GOVAFU BERHUO.
   982 | D:1      | 982 ||| DROPPING scroll of poison.
  1140 | D:2      | Reached skill level 3 in Axes
  1227 | D:2      | Reached XP level 3. HP: 22/23 MP: 3/3
  1305 | D:2      | 1305 ||| Stepping ~*~*~tactically~*~*~ (stealth).
  1331 | D:2      | 1331 ||| Stepping ~*~*~tactically~*~*~ (stealth).
  1337 | D:2      | 1337 ||| Stepping ~*~*~tactically~*~*~ (stealth).
  1338 | D:2      | 1338 ||| Stepping ~*~*~tactically~*~*~ (stealth).
  1362 | D:2      | 1362 ||| Stepping ~*~*~tactically~*~*~ (stealth).
  1579 | D:2      | 1579 ||| UPGRADING to +0 chain mail.
  1589 | D:2      | 1589 ||| DROPPING +0 scale mail.
  1590 | D:2      | 1590 ||| READING scroll labelled TULISE ULARA.
  1691 | D:2      | 1691 ||| DRINKING 2 black potions.
  1692 | D:2      | 1692 ||| DRINKING 2 clear potions.
  1692 | D:2      | Gained mutation: You occasionally lose the ability to read
                  | scrolls when taking damage. [potion of mutation]
  1693 | D:2      | 1693 ||| DRINKING potion of mutation.
  1693 | D:2      | Lost mutation: You occasionally lose the ability to read
                  | scrolls when taking damage. [potion of mutation]
  1693 | D:2      | Gained mutation: Your magical capacity is low. (-10% MP)
                  | [potion of mutation]
  1693 | D:2      | Gained mutation: You have very sharp teeth. [potion of
                  | mutation]
  1694 | D:2      | 1694 ||| DROPPING potion of brilliance.
  1780 | D:3      | Reached XP level 4. HP: 28/28 MP: 3/3
  1910 | D:3      | 1910 ||| Stepping ~*~*~tactically~*~*~ (stealth).
  1912 | D:3      | 1912 ||| Stepping ~*~*~tactically~*~*~ (hiding).
  1920 | D:3      | Reached skill level 4 in Axes
  2253 | D:3      | Found an iron altar of Okawaru.
  2254 | D:3      | 2254 ||| PLANNING OKAWARU WORSHIP
  2254 | D:3      | 2254 ||| READING scroll labelled RORPHA SYMOP.
  2255 | D:3      | 2255 ||| READING scroll labelled SEMUMAUSCHA.
  2256 | D:3      | 2256 ||| READING 2 scrolls of identify.
  2256 | D:3      | 2256 ||| IDENTIFYING murky yellow potion
  2263 | D:3      | Became a worshipper of Warmaster Okawaru
  2264 | D:3      | 2264 ||| PLANNING D:1-11
  2381 | D:4      | Noticed Grinder
  2381 | D:4      | Noticed a phantom
  2388 | D:4      | Paralysed by Grinder for 5 turns
  2395 | D:4      | HP: 5/28 [Grinder/nerve-wracking pain (5)]
  2396 | D:4      | HP: 1/28 [Grinder (3)]
  2397 | D:4      | Slain by Grinder

Levels and vault maps discovered:
D:1:      amcnicky_arrival_flooded_fountain, layout_basic,
          nicolae_concentric_dashed_squares_mild
D:2:      layout_rooms, minmay_fractal_squares_5
D:3:      layout_loops_ring, okawaru_metal_pillars_1_2
D:4:      layout_gridville, lemuel_tele_altar,
          mainiacjoe_overflow_surrounded_room, minmay_temple_entry_ruins,
          chequers_serial_rivers_micro_b, uniq_sigmund, uniq_eustachio,
          uniq_grinder, uniq_natasha

Skill      XL: |  1  2  3  4 |
---------------+-------------+-----
Axes           | 2 3 4 |  4.4
Fighting       | |  3.2
Armour         | |  3.2
Shields        | |  3.2

Action                     |  1- 3 |  4- 6 || total
---------------------------+-------+-------++-------
  Melee: War axe           |   115 |    63 ||   178
         Bite              |       |     5 ||     5
    Use: Scroll            |     7 |     3 ||    10
         Potion            |     3 |       ||     3
 Armour: Scale mail        |    52 |       ||    52
         Chain mail        |     6 |    39 ||    45
  Dodge: Dodged            |    49 |    21 ||    70
  Block: Buckler           |    18 |    14 ||    32

Table legend:
 A = Non-vault XP
 B = Vault XP
 C = Vault XP percentage of total XP
 D = Non-vault monster count
 E = Vault monster count
 F = Vault count percentage of total count
                 A         B        C        D         E       F
            +---------+---------+-------+---------+---------+-------
      Total |     133 |      14 |   9.5 |      47 |       8 |  14.5
            +---------+---------+-------+---------+---------+-------
        D:1 |      21 |       0 |   0.0 |      13 |       0 |   0.0
        D:2 |      40 |      14 |  25.9 |      15 |       8 |  34.8
        D:3 |      72 |       0 |   0.0 |      19 |       0 |   0.0
            +---------+---------+-------+---------+---------+-------
